[Event "Team 45 45 League T35"]
[Site "Internet Chess Club"]
[Date "2007.11.13"]
[Round "4"]
[White "Cryptochess"]
[Black "Lionskins"]
[Result "0-1"]
[WhiteElo "1579"]
[BlackElo "1545"]
[Opening "Sicilian: Taimanov variation"]
[ECO "B46"]
[Time "12:08:28"]
[TimeControl "2700+45"]

1. e4 c5 2. Nf3 Nc6 3. d4 cxd4 4. Nxd4 a6 5. Nc3 e6 6. Be3 Nf6 7. Be2 Qc7 8. O-O
Ne5 9. f4 Nc4 10. Bxc4 Qxc4 11. Qd2 h6 12. b3 Qc7 13. h3 b5 14. e5 b4 15. Na4
Ne4 16. Qe1 Bb7 17. Rc1 Rc8 18. Bf2 g5 19. fxg5 hxg5 20. Nf3 Rg8 21. Nb6 g4 22.
hxg4 Rb8 23. Nc4 Bc5 24. Bxc5 Qxc5+ 25. Kh2 Rxg4 26. Nfd2 Nxd2 27. Nd6+ Kd8 28.
Nxf7+ Ke7 29. Qxd2 Rxg2+ 30. Qxg2 Bxg2 31. Kxg2 Rg8+ 32. Kh2 Qe3 {White resigns}
0-1

[Event "Team 45 45 League T35"]
[Site "Internet Chess Club"]
[Date "2007.11.09"]
[Round "4"]
[White "Visin"]
[Black "smsxman"]
[Result "0-1"]
[WhiteElo "1410"]
[BlackElo "1559"]
[Opening "English: Carls' Bremen system"]
[ECO "A22"]
[Time "09:55:32"]
[TimeControl "2700+45"]

1. c4 e5 2. Nc3 Nf6 3. g3 Nc6 4. Bg2 Bc5 5. e3 O-O 6. Nge2 d6 7. O-O Bg4 8. Qc2
Bb4 9. f3 Bh5 10. a3 Bxc3 11. Nxc3 a6 12. b4 Bg6 13. e4 Nd4 14. Qd1 c5 15. Bb2
cxb4 16. axb4 Qb6 17. Kh1 Qxb4 18. Ba3 Qb6 19. Rb1 Qc7 20. d3 Rab8 21. Ne2 Rfd8
22. Nxd4 exd4 23. f4 h6 24. f5 Bh7 25. Qd2 Ng4 26. Rfe1 Ne3 27. Bb2 Qc5 28. Qf2
b5 29. Bxd4 Qxd4 30. Qxe3 Qxe3 31. Rxe3 b4 32. d4 f6 33. Bf1 a5 34. Ra1 Ra8 35.
Bg2 Ra7 36. Rb3 Rb8 37. Bf1 g6 38. g4 g5 39. c5 dxc5 40. dxc5 Kg7 41. c6 Bg8 42.
Rbb1 b3 43. Bd3 a4 44. c7 Rc8 45. Bb5 a3 46. Bd7 Rcxc7 47. Be6 b2 48. Ra2 Rc1+
49. Rxc1 bxc1=Q+ {White resigns} 0-1

[Event "Team 45 45 League T35"]
[Site "Internet Chess Club"]
[Date "2007.11.09"]
[Round "4"]
[White "Mutaant"]
[Black "malihini"]
[Result "1-0"]
[WhiteElo "1466"]
[BlackElo "1329"]
[Opening "Caro-Kann: two knights variation"]
[ECO "B10"]
[Time "20:06:10"]
[TimeControl "2700+45"]

1. e4 c6 2. Nf3 d5 3. Nc3 Nf6 4. exd5 cxd5 5. Bb5+ Nc6 6. d3 Bf5 7. h3 e6 8. O-O
Bd6 9. Bg5 a6 10. Bxc6+ bxc6 11. Nh4 O-O 12. Nxf5 exf5 13. Qf3 f4 14. Bxf4 Rb8
15. b3 Rb4 16. Bg5 Be5 17. Bd2 Qd6 18. Rae1 Re8 19. Re2 Bh2+ 20. Kh1 Rxe2 21.
Nxe2 Rh4 22. Bg5 Rb4 23. Bxf6 gxf6 24. g3 a5 25. Kxh2 Rh4 26. Kg2 Rh6 27. Qf4
Qxf4 28. Nxf4 f5 29. Re1 Kg7 30. Re7 Kf6 31. Ra7 Ke5 32. Rxa5 Kd4 33. c3+ Kxc3
34. Ra7 Kb2 35. h4 Kc3 36. Rxf7 {Black resigns} 1-0

[Event "Team 45 45 League T35"]
[Site "Internet Chess Club"]
[Date "2007.11.11"]
[Round "4"]
[White "Folgers"]
[Black "SONIA"]
[Result "1-0"]
[WhiteElo "2046"]
[BlackElo "1965"]
[Opening "Levitsky attack (Queen's bishop attack)"]
[ECO "D00"]
[Time "16:01:16"]
[TimeControl "2700+45"]

1. d4 d5 2. Bg5 c6 3. e3 Qb6 4. Qc1 Nd7 5. Nf3 Ngf6 6. Bd3 e6 7. Nbd2 c5 8. c3
Bd6 9. O-O O-O 10. e4 dxe4 11. Nxe4 Nxe4 12. Bxe4 f5 13. Bd3 e5 14. Bc4+ Kh8 15.
dxe5 Nxe5 16. Nxe5 Bxe5 17. Re1 Qc7 18. f4 Bd6 19. g3 Bd7 20. Be7 Bxe7 21. Rxe7
Qd6 22. Qe3 Bc6 23. Re6 Rae8 24. Rxd6 Rxe3 25. Rad1 h6 26. Rd8 Ree8 27. Rxe8
Rxe8 28. Kf2 Kh7 29. Rd6 Re7 30. Bd5 Be8 31. Be6 g6 32. h3 Kg7 33. g4 fxg4 34.
hxg4 Bc6 35. f5 gxf5 36. Bxf5 Be8 37. Be6 b6 38. Kg3 Bg6 39. Kf4 Bb1 40. a3 Bc2
41. Bf5 Bb3 42. Rg6+ Kf8 43. Rxh6 Re2 44. Rh8+ Kg7 45. Ra8 Rxb2 46. Rxa7+ Kf8
47. Ke5 Rd2 48. Rd7 Re2+ 49. Kf6 Re8 50. Rb7 {Black resigns} 1-0

[Event "Team 45 45 League T35"]
[Site "Internet Chess Club"]
[Date "2007.11.11"]
[Round "4"]
[White "RedAttack"]
[Black "baumhauer"]
[Result "1-0"]
[WhiteElo "1958"]
[BlackElo "2002"]
[Opening "Queen's Indian: 4.Nc3"]
[ECO "E12"]
[Time "03:14:59"]
[TimeControl "2700+45"]

1. c4 Nf6 2. Nf3 e6 3. d4 b6 4. Nc3 Bb4 5. g3 Bb7 6. Bg2 O-O 7. O-O c5 8. Nb5
cxd4 9. a3 Be7 10. Nbxd4 d6 11. Bg5 Nbd7 12. Nb5 d5 13. cxd5 Bxd5 14. Rc1 a6 15.
Nc3 Bb7 16. Qa4 b5 17. Qc2 Rc8 18. Rfd1 Qc7 19. Qd2 Qb8 20. Bf4 e5 21. Nxe5 Nxe5
22. Bxb7 Qxb7 23. Bxe5 Rfd8 24. Qf4 Rxd1+ 25. Rxd1 h6 26. h3 a5 27. Qf5 b4 28.
Bxf6 Bxf6 29. axb4 axb4 30. Nd5 Bxb2 31. Nxb4 Re8 32. Rd7 Qe4 33. Qxf7+ Kh7 34.
Nd3 Ba3 35. Qxg7# {Black checkmated} 1-0

[Event "Team 45 45 League T35"]
[Site "Internet Chess Club"]
[Date "2007.11.11"]
[Round "4"]
[White "Changuito-77"]
[Black "ARMAND01968"]
[Result "1-0"]
[WhiteElo "1809"]
[BlackElo "1787"]
[Opening "Sicilian: closed"]
[ECO "B23"]
[Time "20:05:29"]
[TimeControl "2700+45"]

1. e4 c5 2. Nc3 e6 3. g3 a6 4. Bg2 Nc6 5. d3 Be7 6. f4 d6 7. Be3 Nf6 8. Nge2 Ng4
9. Bd2 Bd7 10. h3 Nf6 11. Be3 Rc8 12. O-O e5 13. g4 g6 14. Ng3 Nd4 15. g5 Ng8
16. Nd5 h6 17. Qd2 hxg5 18. fxg5 Be6 19. Qf2 Rc6 20. c3 Nb5 21. h4 Rxh4 22. Nf5
Rh7 23. Nfxe7 Bxd5 24. Nxd5 Qd7 25. Nf6+ Nxf6 26. Qxf6 Qg4 27. Qf2 Nc7 28. d4
cxd4 29. cxd4 exd4 30. Bxd4 Qxg5 31. Bf6 Qh5 32. Qg3 Qc5+ 33. Rf2 Ne6 34. Rd1
Qh5 35. Rd5 Rc1+ 36. Rf1 Rxf1+ 37. Kxf1 Qh6 38. Qxd6 Qc1+ 39. Rd1 Qxd1+ 40. Qxd1
Kf8 41. Qd6+ Kg8 42. Qb8+ Nf8 43. Be7 Rh5 44. Qxf8+ Kh7 45. Bf6 {Black resigns}
1-0

[Event "Team 45 45 League T35"]
[Site "Internet Chess Club"]
[Date "2007.11.11"]
[Round "4"]
[White "cesaralexander"]
[Black "bbbad"]
[Result "1-0"]
[WhiteElo "1829"]
[BlackElo "1613"]
[Opening "Benoni: 6.e4"]
[ECO "A65"]
[Time "21:04:46"]
[TimeControl "2700+45"]

1. d4 Nf6 2. c4 c5 3. d5 e6 4. Nc3 exd5 5. cxd5 d6 6. e4 g6 7. h3 Bg7 8. Nf3
Nbd7 9. Bf4 Qe7 10. Bd3 a6 11. a4 Nb6 12. Nd2 Nfxd5 13. Nxd5 Nxd5 14. Bxd6 Qxd6
15. exd5 Qxd5 16. Qe2+ Be6 17. O-O O-O 18. Bc4 Qd6 19. Ne4 Qc6 20. Nc3 Rfe8 21.
Bxe6 Rxe6 22. Qc4 Rd8 23. Rad1 Red6 24. Rxd6 Rxd6 25. a5 Rd4 26. Qe2 Qc7 27. Ra1
c4 28. Qe8+ Bf8 29. Qe3 Rd3 30. Qe4 Bb4 31. Nd5 Qc6 32. Ne7+ Bxe7 33. Qxe7 Qb5
34. Qf6 Rd2 35. Re1 Rxb2 36. Re7 {Black resigns} 1-0

[Event "Team 45 45 League T35"]
[Site "Internet Chess Club"]
[Date "2007.11.12"]
[Round "4"]
[White "gracey"]
[Black "SuperPeon"]
[Result "0-1"]
[WhiteElo "2117"]
[BlackElo "2060"]
[Opening "Réti: King's Indian attack"]
[ECO "A05"]
[Time "17:37:07"]
[TimeControl "2700+45"]

1. Nf3 Nf6 2. g3 g6 3. d3 Bg7 4. Bg2 d6 5. Nc3 O-O 6. d4 c6 7. e4 Nbd7 8. Qe2 e5
9. O-O Qc7 10. Be3 Re8 11. Rfd1 b5 12. d5 b4 13. Nb1 cxd5 14. exd5 a5 15. c3 Bb7
16. Ng5 h6 17. Nh3 e4 18. c4 Ba6 19. b3 Nxd5 20. Bd4 N5f6 21. Qb2 Ne5 22. Nf4 g5
23. Nd5 Nxd5 24. cxd5 f5 25. h3 Nd3 26. Bxg7 Nxb2 27. Bxb2 f4 28. Kh2 f3 29. Bh1
e3 30. fxe3 f2 {White resigns} 0-1

[Event "Team 45 45 League T35"]
[Site "Internet Chess Club"]
[Date "2007.11.12"]
[Round "4"]
[White "chsrules88"]
[Black "martineden"]
[Result "1-0"]
[WhiteElo "2076"]
[BlackElo "1971"]
[Opening "Robatsch defense: Geller's system"]
[ECO "B06"]
[Time "12:00:12"]
[TimeControl "2700+45"]

1. e4 g6 2. d4 Bg7 3. Nf3 d6 4. c3 Nf6 5. Bd3 Bg4 6. Bg5 c6 7. Nbd2 Qc7 8. h3
Bd7 9. O-O O-O 10. Re1 c5 11. Rc1 b5 12. e5 Nd5 13. Be4 Bc6 14. exd6 exd6 15.
dxc5 dxc5 16. Nb3 Nf6 17. Bxf6 Bxf6 18. Nxc5 Rd8 19. Qc2 Nd7 20. Nxd7 Rxd7 21.
Rcd1 Rad8 22. Rxd7 Qxd7 23. Bxc6 Qxc6 24. Qe4 Qd6 25. g3 a5 26. Re2 Qd1+ 27. Re1
Qd6 28. a4 b4 29. cxb4 Bxb2 30. b5 Bc3 31. Rc1 Bb4 32. Qc6 Qd3 33. b6 Rd6 34.
Qc8+ Kg7 35. Ne5 Qd2 36. b7 Rb6 37. Rf1 Qd6 38. Nc4 {Black forfeits on time} 1-0

[Event "Team 45 45 League T35"]
[Site "Internet Chess Club"]
[Date "2007.11.11"]
[Round "4"]
[White "Boromir"]
[Black "upturnedcircle"]
[Result "1/2-1/2"]
[WhiteElo "1976"]
[BlackElo "1812"]
[Opening "French: Winawer, advance variation"]
[ECO "C16"]
[Time "13:01:14"]
[TimeControl "2700+45"]

1. e4 e6 2. d4 d5 3. Nc3 Bb4 4. e5 Ne7 5. Bd2 c5 6. Nb5 Bxd2+ 7. Qxd2 O-O 8. f4
cxd4 9. Nf3 Nbc6 10. Bd3 Qb6 11. O-O-O a6 12. Nbxd4 Nxd4 13. Nxd4 Nc6 14. c3 Bd7
15. Kb1 Nxd4 16. cxd4 Rfc8 17. Rc1 Bb5 18. Bxb5 Qxb5 19. Rxc8+ Rxc8 20. Rc1
Rxc1+ 21. Qxc1 Qd3+ 22. Qc2 Qf1+ 23. Qc1 Qd3+ 24. Qc2 Qf1+ 25. Qc1 Qd3+ 26. Qc2
Qf1+ {Game drawn by repetition} 1/2-1/2

[Event "Team 45 45 League T35"]
[Site "Internet Chess Club"]
[Date "2007.11.11"]
[Round "4"]
[White "netshooter"]
[Black "ivanson"]
[Result "1-0"]
[WhiteElo "1861"]
[BlackElo "1855"]
[Opening "Two knights defense (Modern bishop's opening)"]
[ECO "C55"]
[Time "17:02:52"]
[TimeControl "2700+45"]

1. e4 e5 2. Nf3 Nc6 3. Bc4 Nf6 4. d3 Be7 5. c3 O-O 6. O-O d6 7. Bb3 Na5 8. Bc2
c5 9. Re1 Qc7 10. Nbd2 Nc6 11. Nf1 Re8 12. Ng3 Be6 13. h3 Rad8 14. Qe2 d5 15.
Bd2 d4 16. Ng5 h6 17. Nxe6 fxe6 18. Bb3 Bf8 19. Qf3 Na5 20. Bc2 Be7 21. Rad1 Rf8
22. Qe2 Rf7 23. Nf1 Nh7 24. Nh2 Bg5 25. Nf3 Bxd2 26. Qxd2 Nc6 27. Nh4 Qe7 28.
Nf3 Rdf8 29. Qe2 Ng5 30. Nxg5 Qxg5 31. Rf1 Rf4 32. Bb3 Qf6 33. Rd2 Ne7 34. Qe1
Ng6 35. g3 Qg5 36. Bxe6+ Kh8 37. Kh2 Rf3 38. Bg4 R3f6 39. Qe2 Ne7 40. cxd4 cxd4
41. Rc2 Nc6 42. Kg2 Rd6 43. a3 g6 44. h4 Qe7 45. Rfc1 h5 46. Bh3 Rdf6 47. Rf1
Qf7 48. Kg1 Qb3 49. Qd2 Kg7 50. Bg2 R8f7 51. Rcc1 Qe6 52. b4 a6 53. Qc2 Na7 54.
a4 Qe7 55. Qb2 Qd7 56. Qb3 Rb6 57. Rc5 Nc6 58. b5 Qe7 59. Qd5 axb5 60. axb5 Rf6
61. bxc6 {Black resigns} 1-0

[Event "Team 45 45 League T35"]
[Site "Internet Chess Club"]
[Date "2007.11.15"]
[Round "4"]
[White "nathesh"]
[Black "scottrugby"]
[Result "1-0"]
[WhiteElo "1455"]
[BlackElo "1507"]
[Opening "Sicilian: Smith-Morra gambit"]
[ECO "B21"]
[Time "21:10:23"]
[TimeControl "2700+45"]

1. e4 c5 2. d4 cxd4 3. c3 g6 4. cxd4 d5 5. exd5 Nf6 6. Nc3 Nxd5 7. Nf3 Bg7 8.
Bc4 Nb6 9. Bb3 O-O 10. Be3 Nc6 11. O-O Bg4 12. h3 Bxf3 13. Qxf3 Bxd4 14. Rad1
Qd6 15. Nb5 Qf6 16. Nxd4 Rad8 17. Qxf6 exf6 18. Nxc6 bxc6 19. Rxd8 Rxd8 20. Rd1
Nd5 21. Bxa7 Kf8 22. Bb6 Rb8 23. Bc5+ Ke8 24. Bxd5 cxd5 25. Rxd5 Rxb2 26. Bd4
Rxa2 27. Bxf6 Ra6 28. Rd8# {Black checkmated} 1-0

[Event "Team 45 45 League T35"]
[Site "Internet Chess Club"]
[Date "2007.11.12"]
[Round "4"]
[White "supraholic"]
[Black "sra66"]
[Result "0-1"]
[WhiteElo "1258"]
[BlackElo "1409"]
[Opening "Giuoco Pianissimo"]
[ECO "C50"]
[Time "15:37:17"]
[TimeControl "2700+45"]

1. e4 e5 2. Nf3 Nc6 3. Bc4 Bc5 4. d3 Nf6 5. Bg5 d6 6. a3 O-O 7. Nc3 Bg4 8. h3
Bxf3 9. Qxf3 Nd4 10. Qg3 Nxc2+ 11. Kd2 Nxa1 12. Bh6 Nh5 13. Qg4 Qf6 14. f3 Qxh6+
15. Kd1 c6 16. Na4 b5 {White resigns} 0-1

[Event "Team 45 45 League T35"]
[Site "Internet Chess Club"]
[Date "2007.11.12"]
[Round "4"]
[White "rgadoury"]
[Black "CLEAN"]
[Result "1/2-1/2"]
[WhiteElo "1220"]
[BlackElo "1316"]
[Opening "Queen's pawn game"]
[ECO "A45"]
[Time "20:03:44"]
[TimeControl "2700+45"]

1. d4 Nf6 2. g3 d5 3. Bg2 b6 4. Nf3 Nc6 5. O-O e6 6. Nbd2 Bd6 7. c4 Bb7 8. Re1
O-O 9. a3 Re8 10. b4 dxc4 11. Nxc4 e5 12. Nxd6 cxd6 13. Bg5 e4 14. Bxf6 Qxf6 15.
d5 Ne7 16. Nd2 Nxd5 17. Bxe4 Nc3 18. Qc2 Bxe4 19. Nxe4 Nxe4 20. f3 Nc3 21. Rac1
Rac8 22. Kg2 Nxe2 23. Rxe2 Rxe2+ 24. Qxe2 Qd8 25. Rxc8 Qxc8 26. Qd2 Qd7 27. Qd5
g6 28. b5 h5 29. h4 Qe6 30. Qa8+ Kh7 31. Qxa7 Qe2+ 32. Kh3 Qf1+ 33. Kh2 Qf2+ 34.
Kh3 Qf1+ 35. Kh2 {Game drawn by mutual agreement} 1/2-1/2

[Event "Team 45 45 League T35"]
[Site "Internet Chess Club"]
[Date "2007.11.11"]
[Round "4"]
[White "CoasterBrake"]
[Black "jocooper"]
[Result "0-1"]
[WhiteElo "1109"]
[BlackElo "1101"]
[Opening "King's Indian: fianchetto with ...Nd7"]
[ECO "E67"]
[Time "11:00:52"]
[TimeControl "2700+45"]

1. c4 Nf6 2. d4 g6 3. Nc3 Bg7 4. Nf3 O-O 5. g3 d6 6. Bg2 Nbd7 7. O-O c5 8. dxc5
Nxc5 9. Be3 Qb6 10. Qc1 Ng4 11. Bxc5 dxc5 12. b3 Rd8 13. Rb1 Bf5 14. e4 Bxc3 15.
exf5 Bg7 16. fxg6 Qxg6 17. Nh4 Qh6 18. Qxh6 Bxh6 19. Bxb7 Rab8 20. Bf3 Ne5 21.
Kg2 e6 22. Be4 Rd2 23. a3 Rf8 24. Nf3 Nxf3 25. Bxf3 f5 26. Rbd1 a5 27. Rxd2 Bxd2
28. Rd1 Bc3 29. Rd6 e5 30. Bd1 Rb8 31. Rf6 Rd8 32. Bf3 e4 33. Rxf5 exf3+ 34.
Rxf3 Bd4 35. Rf5 Re8 36. f3 Re3 37. h4 Rxb3 38. a4 Rb4 39. Rg5+ Kf7 40. g4 h6
41. Rf5+ Kg7 42. g5 h5 43. Rd5 Rxa4 44. Rd7+ Kg6 45. Rd6+ Kg7 46. Rd7+ Kf8 47.
g6 Ra2+ 48. Kh3 a4 49. Rf7+ Kg8 50. Ra7 Ra3 51. Ra8+ Kg7 52. Ra6 Rxf3+ {White
resigns} 0-1

[Event "Team 45 45 League T35"]
[Site "Internet Chess Club"]
[Date "2007.11.13"]
[Round "4"]
[White "Zyme"]
[Black "oldsj"]
[Result "1-0"]
[WhiteElo "1446"]
[BlackElo "1576"]
[Opening "King's Indian: orthodox variation"]
[ECO "E94"]
[Time "18:00:26"]
[TimeControl "2700+45"]

1. d4 Nf6 2. c4 g6 3. Nc3 Bg7 4. e4 d6 5. Be2 O-O 6. Nf3 e5 7. O-O exd4 8. Nxd4
Nbd7 9. Bg5 c6 10. Qd2 Nc5 11. f3 Be6 12. Nxe6 Nxe6 13. Bh6 Bxh6 14. Qxh6 Qb6+
15. Kh1 Qxb2 16. Qe3 Qb6 17. Qd2 Rad8 18. Rab1 Qc7 19. Qb2 b6 20. Rfd1 Nc5 21.
Rd2 Nfd7 22. Rbd1 Nb7 23. Qa3 Ndc5 24. Bf1 a6 25. Rb1 b5 26. cxb5 axb5 27. Rbd1
Ra8 28. Qb2 Ne6 29. Rc2 Nbc5 30. Nb1 Rfd8 31. Rdc1 Nf4 32. Rd1 Qe7 33. Rcd2 Nb7
34. Qc2 Nc5 35. g3 Nfe6 36. Nc3 Rac8 37. Bh3 Nb7 38. Ne2 c5 39. Nc3 Ra8 40. Nxb5
Nc7 41. Nc3 Na6 42. Nd5 Qe8 43. Bf1 Qc6 44. Ne7+ {Black resigns} 1-0

[Event "Team 45 45 League T35"]
[Site "Internet Chess Club"]
[Date "2007.11.10"]
[Round "4"]
[White "EyeAm"]
[Black "archae13"]
[Result "1-0"]
[WhiteElo "1393"]
[BlackElo "1267"]
[Opening "Pirc: classical (two knights) system"]
[ECO "B08"]
[Time "13:59:19"]
[TimeControl "2700+45"]

1. e4 d6 2. d4 Nf6 3. Nc3 g6 4. Nf3 Bg7 5. Bg5 O-O 6. Qd2 c5 7. O-O-O Nc6 8. d5
Nb4 9. a3 Qa5 10. Kb1 Na6 11. Bh6 Ng4 12. Bxg7 Kxg7 13. h3 Nf6 14. g4 Bd7 15. g5
Ne8 16. Qf4 f6 17. Qh4 Kh8 18. Qh6 Nec7 19. Nh4 Rg8 20. Rg1 Raf8 21. Rg3 Ne8 22.
f4 f5 23. Bd3 Ng7 24. Nxg6# {Black checkmated} 1-0

[Event "Team 45 45 League T35"]
[Site "Internet Chess Club"]
[Date "2007.11.13"]
[Round "4"]
[White "rshea11"]
[Black "chess-buddy"]
[Result "1-0"]
[WhiteElo "1258"]
[BlackElo "1340"]
[Opening "Nimzo-Indian: classical, 4...Nc6"]
[ECO "E33"]
[Time "18:02:02"]
[TimeControl "2700+45"]

1. d4 Nf6 2. c4 e6 3. Nc3 Bb4 4. Qc2 Nc6 5. e3 d6 6. Bd2 Bxc3 7. Bxc3 O-O 8. Bd3
Re8 9. Nf3 h6 10. O-O e5 11. d5 e4 12. dxc6 exf3 13. Bxf6 Qxf6 14. Be4 fxg2 15.
Rfd1 Bg4 16. Rd2 a5 17. Rc1 Bf3 18. Bxf3 Qxf3 19. cxb7 Qxb7 20. Rcd1 Qf3 21. c5
Re4 22. cxd6 Rh4 23. dxc7 g5 24. Rd8+ Kg7 25. Rxa8 Qxa8 26. c8=Q Qf3 27. Q8c3+
{Black resigns} 1-0

[Event "Team 45 45 League T35"]
[Site "Internet Chess Club"]
[Date "2007.11.10"]
[Round "4"]
[White "MeansToAnEnd"]
[Black "WannaB"]
[Result "0-1"]
[WhiteElo "904"]
[BlackElo "1062"]
[Opening "Nimzo-Indian: classical, 4...Nc6"]
[ECO "E33"]
[Time "16:03:55"]
[TimeControl "2700+45"]

1. d4 Nf6 2. c4 e6 3. Nc3 Bb4 4. Qc2 Nc6 5. Nf3 Qe7 6. Bd2 b6 7. a3 Bxc3 8. Qxc3
Ne4 9. Qe3 Nxd2 10. Qxd2 Bb7 11. d5 exd5 12. cxd5 Ne5 13. Ng5 Nc4 14. Qf4 Nd6
15. Rc1 h6 16. Nf3 Bxd5 17. Rxc7 Bxf3 18. Qxf3 O-O 19. e3 Nb5 20. Bxb5 Rfd8 21.
O-O a6 22. Bc4 b5 23. Bd5 Rac8 24. Rc2 Rxc2 25. Be4 Rxb2 26. Qf5 g6 27. Qd5 Qe6
28. Qb7 a5 29. a4 b4 30. Rc1 Kg7 31. Bd5 Qe7 32. f4 Qxe3+ 33. Kf1 Qxc1# {White
checkmated} 0-1

[Event "Team 45 45 League T35"]
[Site "Internet Chess Club"]
[Date "2007.11.10"]
[Round "4"]
[White "touchthis"]
[Black "vaknight"]
[Result "1-0"]
[WhiteElo "1711"]
[BlackElo "1543"]
[Opening "Sicilian defense"]
[ECO "B30"]
[Time "23:00:10"]
[TimeControl "2700+45"]

1. e4 c5 2. Nf3 Nc6 3. d3 d6 4. g3 Nf6 5. Bg2 g6 6. O-O Bg7 7. Nbd2 O-O 8. Re1
Nd7 9. c3 Nde5 10. Nxe5 Nxe5 11. Qc2 Qc7 12. f4 Nd7 13. Nf3 e6 14. Qe2 Rb8 15.
Be3 b6 16. Rac1 Ba6 17. Qd2 Rbd8 18. Bf1 Qb7 19. Qc2 Nf6 20. Bh3 d5 21. Ng5 Rfe8
22. e5 Nd7 23. d4 h6 24. Nxe6 fxe6 25. Qxg6 Nf8 26. Qh5 Bd3 27. f5 Qf7 28. Qxf7+
Kxf7 29. f6 Bxf6 30. exf6 Nd7 31. Bxh6 c4 32. Re3 Nxf6 33. Bg5 Kg6 34. Bxf6 Kxf6
35. Rce1 Be4 36. Bg2 Bf5 37. h3 Rd6 38. g4 Bg6 39. Re5 Rd7 40. Kf2 Bf7 41. Kg3
Rg8 42. h4 Rg6 43. g5+ Ke7 44. Bh3 Rd6 45. h5 {Black resigns} 1-0

[Event "Team 45 45 League T35"]
[Site "Internet Chess Club"]
[Date "2007.11.08"]
[Round "4"]
[White "nursey"]
[Black "crazynights"]
[Result "0-1"]
[WhiteElo "1714"]
[BlackElo "1634"]
[Opening "Ruy Lopez: closed, Breyer, Borisenko variation"]
[ECO "C95"]
[Time "15:45:43"]
[TimeControl "2700+45"]

1. e4 e5 2. Nf3 Nc6 3. Bb5 a6 4. Ba4 Nf6 5. O-O Be7 6. Re1 b5 7. Bb3 d6 8. c3
O-O 9. h3 Nb8 10. d4 Nbd7 11. Bg5 Bb7 12. Nbd2 h6 13. Bh4 c5 14. a4 c4 15. Bc2
Qc7 16. axb5 axb5 17. Qe2 Rfe8 18. Rxa8 Bxa8 19. Ra1 Nf8 20. d5 Ng6 21. Bg3 Qb6
22. b3 cxb3 23. Nxb3 Bb7 24. Ra5 Ba6 25. Bd3 Rb8 26. Kh1 Nd7 27. Bc2 Nc5 28. Qe3
Nxb3 29. Qxb6 Rxb6 30. Bxb3 Kf8 31. Kg1 Ke8 32. Bc2 Bc8 33. Ra7 Ba6 34. Nd2 Bg5
35. Nb3 Bc8 36. Kf1 Rb7 37. Ra8 Rc7 38. Bd3 Rxc3 39. Bxb5+ Kd8 40. Ba6 Rxb3 41.
Rxc8+ Kd7 42. Ke2 Rb6 43. Ra8 Nf4+ 44. Bxf4 Bxf4 45. Ra7+ Ke8 46. Kd3 Bg5 47.
Kc4 Rb8 48. Bb5+ Kf8 49. f3 Be3 50. Rc7 Bc5 51. g3 g5 52. Bc6 Rb4+ 53. Kd3 Rb3+
54. Ke2 Re3+ 55. Kf2 Rxe4+ 56. Kf1 Re3 57. Kf2 Rc3+ 58. Ke2 Re3+ 59. Kf2 Ra3+
60. Ke2 Ra2+ 61. Kd3 Ra3+ 62. Ke2 Ra2+ 63. Kd3 Ra3+ 64. Ke4 Re3+ 65. Kf5 Rxf3+
66. Kg4 Rf2 67. Kh5 Kg7 68. Be8 e4 69. Re7 e3 70. Bb5 Rh2 71. h4 gxh4 72. gxh4
Rf2 73. Bd3 Kf6 74. Re8 Kg7 75. Re7 Bd4 76. Re8 Be5 77. Rc8 e2 78. Rc1 Bc3 79.
Bxe2 Rxe2 80. Rxc3 Re5+ 81. Kg4 Rxd5 82. Rf3 h5+ 83. Kf4 Rd4+ 84. Kg5 Rd5+ 85.
Kf4 Kg6 86. Ke4 Re5+ 87. Kd4 f5 88. Rd3 Re4+ 89. Kc3 Rxh4 90. Rxd6+ Kg5 91. Rd8
Rh3+ 92. Kd4 Kf4 93. Re8 h4 94. Rf8 Ra3 95. Kc5 h3 96. Rh8 Kg3 97. Kb4 Re3 98.
Rg8+ Kf2 99. Rf8 Rf3 100. Rh8 f4 101. Kc4 Kg2 102. Rg8+ Rg3 {White resigns} 0-1

[Event "Team 45 45 League T35"]
[Site "Internet Chess Club"]
[Date "2007.11.10"]
[Round "4"]
[White "Invicta-Knight"]
[Black "rayonline53"]
[Result "1/2-1/2"]
[WhiteElo "1571"]
[BlackElo "1597"]
[Opening "Center game"]
[ECO "C21"]
[Time "14:20:11"]
[TimeControl "2700+45"]

1. e4 e5 2. d4 exd4 3. Qd3 Nc6 4. Nf3 Bb4+ 5. Bd2 Qe7 6. Nxd4 Nf6 7. f3 O-O 8.
Nxc6 bxc6 9. Bxb4 Qxb4+ 10. Qc3 Rb8 11. Qxb4 Rxb4 12. b3 d5 13. c3 Rb8 14. e5
Re8 15. f4 Ne4 16. Bd3 Bf5 17. Ke2 f6 18. Nd2 Nxc3+ 19. Ke3 Bxd3 20. Kxd3 Ne4
21. Nxe4 dxe4+ 22. Kxe4 fxe5 23. fxe5 Re6 24. Rac1 Rbe8 25. Rc5 Rd8 26. Ke3 Rd5
27. Rxd5 cxd5 28. Kd4 c6 29. Rc1 Kf7 30. Rc5 a6 31. a4 Kg6 32. b4 Kf5 33. b5
cxb5 34. axb5 axb5 35. Rxb5 Rxe5 36. Rxd5 Rxd5+ 37. Kxd5 g5 38. Kd4 Kf4 39. Kd3
h5 40. Ke2 h4 41. Kf2 g4 42. Ke2 Ke4 43. Kf2 Kd3 44. Kf1 Ke3 45. Ke1 g3 46. h3
Kd3 47. Kd1 Ke3 {Game drawn by mutual agreement} 1/2-1/2

[Event "Team 45 45 League T35"]
[Site "Internet Chess Club"]
[Date "2007.11.10"]
[Round "4"]
[White "taijifan"]
[Black "Relapse"]
[Result "0-1"]
[WhiteElo "1302"]
[BlackElo "1618"]
[Opening "Scotch: Meitner variation"]
[ECO "C45"]
[Time "10:00:59"]
[TimeControl "2700+45"]

1. e4 e5 2. Nf3 Nc6 3. d4 exd4 4. Nxd4 Bc5 5. Be3 Qf6 6. c3 Nge7 7. Nc2 Bxe3 8.
Nxe3 O-O 9. Be2 Re8 10. O-O Qg6 11. Nd2 Ne5 12. Kh1 b6 13. f4 Qh6 14. fxe5 Qxe3
15. Bc4 Rf8 16. Rf3 Qg5 17. Qf1 Qg6 18. Qf2 Nc6 19. Bd5 Rb8 20. Rf1 Nxe5 21. Rf5
d6 22. Nc4 Bxf5 23. Nxe5 dxe5 24. Qxf5 Qxf5 25. Rxf5 Rbe8 26. Kg1 g6 27. Rf1 Kg7
28. Rf3 f5 29. Kf2 Rf6 30. Ke2 c6 31. Bxc6 Rxc6 32. exf5 gxf5 33. Rxf5 Rf6
{White resigns} 0-1

[Event "Team 45 45 League T35"]
[Site "Internet Chess Club"]
[Date "2007.11.10"]
[Round "4"]
[White "Okgah"]
[Black "Qualm"]
[Result "1-0"]
[WhiteElo "1668"]
[BlackElo "1570"]
[Opening "Petrov: classical attack"]
[ECO "C42"]
[Time "15:16:39"]
[TimeControl "2700+45"]

1. e4 e5 2. Nf3 Nf6 3. Nxe5 d6 4. Nf3 Nxe4 5. d4 d5 6. Bd3 Nf6 7. O-O Be7 8. Bf4
O-O 9. c4 c6 10. c5 Bg4 11. h3 Bh5 12. Re1 Nbd7 13. Nc3 Re8 14. Bg3 Nf8 15. Bf5
Bg6 16. Nh4 Bxf5 17. Nxf5 Qd7 18. Qf3 Ne6 19. Be5 Bd8 20. Rad1 Ng5 21. Qf4 Ne6
22. Qg3 g6 23. Nh6+ Kf8 24. Re3 Ng8 25. Ng4 h5 26. Bd6+ Be7 27. Ne5 Qd8 28. Rf3
Nf6 29. Nxg6+ fxg6 30. Rxf6+ Kg8 31. Qxg6+ Ng7 32. Qf7+ Kh7 33. Rg6 {Black
resigns} 1-0

[Event "Team 45 45 League T35"]
[Site "Internet Chess Club"]
[Date "2007.11.11"]
[Round "4"]
[White "civilization"]
[Black "houseofcook"]
[Result "1-0"]
[WhiteElo "1488"]
[BlackElo "1353"]
[Opening "French: advance, Nimzovich variation"]
[ECO "C02"]
[Time "11:07:39"]
[TimeControl "2700+45"]

1. e4 e6 2. d4 d5 3. e5 c5 4. Qg4 Qa5+ 5. Bd2 Nh6 6. Qxe6+ Bxe6 7. Bxa5 cxd4 8.
Bd3 Nc6 9. Bd2 Nxe5 10. Bxh6 Nxd3+ 11. cxd3 gxh6 12. a3 Bf5 13. Kd2 Bg7 14. Nf3
O-O-O 15. Re1 Rhe8 16. Kc2 Rxe1 17. Nxe1 Re8 18. Nd2 Re2 19. f3 Re7 20. Nb3 Re2+
21. Nd2 Re7 22. Nb3 b6 23. Kd2 Kb8 24. Nc2 h5 25. f4 h4 26. Ncxd4 Bd7 27. Rc1
Kb7 28. g3 Bh6 29. Na1 Bg7 30. Nac2 hxg3 31. hxg3 Re8 32. b3 Rg8 33. Rg1 Bh6 34.
Ne2 Bg4 35. Ncd4 Bd7 36. Rh1 Rg6 37. Rh5 f5 38. Nxf5 Bxf5 39. Rxf5 Kc6 40. Rf7
Rg7 41. Rf6+ {Black resigns} 1-0